[Event "37th ECCC 2022"]
[Site "Mayrhofen"]
[Date "2022.10.04"]
[Round "2.15"]
[White "Alekseenko, Kirill"]
[Black "Marcelin, Cyril"]
[Result "1-0"]
[ECO "B38"]
[WhiteElo "2691"]
[BlackElo "2449"]
[Annotator "TA"]
[PlyCount "155"]
[EventDate "2022.10.03"]
[EventType "team-tourn"]
[EventCountry "AUT"]
[SourceTitle "playchess.com"]
[Source "ChessBase"]
[SourceQuality "1"]
[TimeControl "40/5400+30:1800+30"]

1. e4 c5 2. Nf3 g6 3. d4 cxd4 4. Nxd4 Bg7 5. c4 Nc6 6. Be3 Qb6 {[%emt 0:00:17][%cal Rc6d4] is now debated instead of 6...Nf6.} 7. Nb5 {[%emt 0:15:57] B38: Sicilian: Maroczy Bind with 5...Bg7 and 7...0-0.} (7. Nb3 $5 Qc7 8. Qd2 $14 (8. Nc3 Bxc3+ 9. bxc3 Nf6 $11)) 7... Qa5+ 8. N5c3 Nf6 9. Nd2 {[%emt 0:02:32] White is slightly better.} d6 10. Nb3 Qd8 11. Be2 {[%emt 0:00:51] Inhibits Ng4.} O-O 12. O-O b6 13. Nd4 Bb7 14. Nxc6 Bxc6 15. f3 {[%emt 0:00:16] [#]} Nd7 $146 ({Predecessor:} 15... Rc8 16. Qd2 Bb7 17. Rac1 Nd7 18. b3 Nc5 19. Rfd1 Qe8 20. Bh6 Bxh6 21. Qxh6 Kh8 22. Qe3 f6 23. b4 Nd7 {1-0 (68) Bogumil,T (2124)-Berend,E (2349) Marianske Lazne 2016}) 16. Qd2 a5 17. Rac1 Nc5 18. Rfd1 Na4 19. Nxa4 Bxa4 20. b3 Bc6 21. Bf1 Qc7 22. Qf2 Rab8 23. a3 Qb7 24. b4 axb4 25. axb4 b5 26. c5 dxc5 27. Rxc5 Rfc8 28. h4 h5 29. Qg3 Kh7 30. Rdc1 Ra8 31. Kh2 Ra1 32. Qe1 Rxc1 (32... Rca8 $11) 33. Qxc1 $14 {[%emt 0:00:05][%cal Of1b5] Black must now prevent Bxb5!} Bd7 34. Rxc8 $1 Bxc8 35. Qc5 {[%emt 0:00:17] Prevents Be5+.} Bf6 (35... Bd7 $14) 36. Bxb5 $18 ({Resist} 36. Qxb5 $6 Bxh4 37. Qc5 e6 $16) 36... Bxh4 37. Bc4 (37. Be8 $18) 37... e6 $16 38. b5 Be7 39. Qc6 {[%emt 0:01:07] White is more active.} (39. Qd4 {is more complex.} Qb8+ 40. g3 Qc7 41. b6) 39... Qxc6 $1 40. bxc6 $11 {[%emt 0:00:04][%mdl 4096] Endgame KBB-KBB} Bd6+ 41. Kg1 f6 42. Kf2 Kg7 43. Bb6 Kf7 44. Ke3 Ke7 {[%emt 0:01:17] Prevents Bd8+.} 45. Kd4 g5 46. Be2 h4 47. Kc3 e5 (47... f5 $1 $11) 48. Bf1 f5 $1 49. Bf2 fxe4 50. fxe4 Be6 51. Ba6 Bc7 52. Kb4 {[%emt 0:00:46] Inhibits Ba5+.} h3 53. gxh3 Bxh3 54. Kc5 Be6 55. Be2 (55. Be3 $14 Kf6 56. Kb5) 55... Bc8 ({Black should play} 55... Bb3 $1 $11) 56. Bc4 Bh3 57. Kb5 Bc8 58. Bc5+ Kd8 59. Be3 g4 60. Bg5+ Ke8 61. Bh4 Kf8 62. Kc5 Kg7 63. Be7 (63. Be2 $14) 63... g3 {[%emt 0:00:03] ( -> ...g2)} 64. Bf1 Ba6 65. Bg2 $1 $16 {[%emt 0:00:08] And now Bd6 would win.} ({Not} 65. Bxa6 $2 g2 66. Bc4 g1=Q+ $19) 65... Kf7 $2 {[%emt 0:00:27][%mdl 8192] [#]} (65... Be2 $16) 66. Bh4 $2 (66. Bd6 $1 $18 {[%cal Rd6c7] is the precise move to win.} Bxd6+ 67. Kxd6) 66... Kg6 (66... Bd3 $16 {keeps fighting.} 67. Bxg3 Bc2) 67. Bxg3 $18 {[%emt 0:00:12] Threatens to win with Bf3.} Kg5 $2 (67... Kf6 {is more resistant.} 68. Bf3 Bd3) 68. Bh3 $2 (68. Bf3 {Hoping for Kd5.} Bd3 69. Kd5) 68... Bd3 69. Kd5 Bb5 $2 {[%emt 0:00:25] [#]} (69... Kf6 $18 70. Bh4+ Kf7 71. Be6+ Kf8) 70. Bd7 $1 Kf6 71. Bh4+ Kf7 72. Be6+ Ke8 73. Bf6 Ba4 74. Bd7+ $1 Kf7 75. Bxe5 Bb3+ 76. Kd4 Bb6+ 77. Kc3 Ba4 78. Bd6 {[%emt 0:00:29] Weighted Error Value: White=0.11 (very precise) /Black=0.12 (very precise)} 1-0

[Event "37th ECCC 2022"]
[Site "Mayrhofen"]
[Date "2022.10.04"]
[Round "2.16"]
[White "Ciolek, Andreas"]
[Black "Movsesian, Sergei"]
[Result "0-1"]
[ECO "A46"]
[WhiteElo "2301"]
[BlackElo "2619"]
[Annotator "TA"]
[PlyCount "104"]
[EventDate "2022.10.03"]
[EventType "team-tourn"]
[EventCountry "AUT"]
[SourceTitle "playchess.com"]
[Source "ChessBase"]
[SourceQuality "1"]
[TimeControl "40/5400+30:1800+30"]

1. d4 Nf6 2. Nf3 d5 3. g3 c6 4. Bg2 Bf5 5. c4 e6 6. Nc3 h6 7. Qb3 {[%emt 0:01:08] D11: Slav Defence: 3 Nf3 sidelines and 3...Nf6 4 e3 Bg4.} Qb6 8. c5 Qc7 9. Bf4 {[%emt 0:11:06] The position is equal.} Qc8 10. O-O Be7 11. Qd1 O-O 12. b4 Ne4 13. Qb3 Nd7 {[%emt 0:07:57] [#]} 14. a4 $146 ({Predecessor:} 14. Nxe4 Bxe4 15. Nd2 Bxg2 16. Kxg2 Bf6 17. Qc3 Re8 18. Be5 Be7 19. e4 Bf8 20. Bf4 {1-0 (55) Boswell,J (2012)-Verma,A (2170) Newcastle on Tyne 2021}) 14... g5 15. Be3 Bf6 16. Rfd1 Bg7 17. Rac1 Bg6 18. Ne1 Nxc3 19. Qxc3 Qc7 20. Bh3 f5 21. f4 Nf6 22. Bg2 Ne4 23. Qb2 h5 24. Nd3 h4 25. Bxe4 fxe4 26. Ne5 Bf5 27. Kf2 ({Don't play} 27. fxg5 Bxe5 28. dxe5 hxg3 29. hxg3 Qh7 $17) (27. gxh4 $11 gxh4 28. b5) 27... Bxe5 $15 28. dxe5 Qh7 {[%emt 0:03:15] And now ...hxg3+ would win.} 29. Rg1 Rf7 30. Qd4 Bg4 31. Rcf1 (31. Ke1 $1 $11) 31... hxg3+ 32. hxg3 Qh2+ 33. Rg2 Qh3 $36 {[%emt 0:00:05][%cal Og4e2][%mdl 2048] Strongly threatening ...Bxe2! Black is pushing.} 34. Rfg1 Rh7 35. Ke1 a5 36. b5 ({White should try} 36. bxa5 $11 Rxa5 37. Kd2) 36... cxb5 37. axb5 a4 38. Kd2 (38. fxg5 $15 a3 39. g6) 38... a3 $19 {[%emt 0:00:40] Threatens to win with ...a2.} 39. Rf2 {[%emt 0:01:16] [#]} a2 $1 {[%emt 0:00:41][%cal Oh3h1] ...Qh1! is the strong threat.} 40. fxg5 {[%emt 0:01:29] [#]} Qh1 $2 {[%emt 0:01:20] Really sharp!} 41. Rff1 $2 ({Not} 41. Rxh1 $2 Rxh1 42. c6 a1=Q $19) (41. g6 $11 {and White is okay.} Rh2 42. Qa1 (42. Rxh1 Rxh1 43. Bh6 Rxh6 $17) 42... Rxf2 43. Rxh1 Rxe2+ 44. Kc3 Rxe3+ 45. Kb4) 41... Qh2 42. Bf2 Qh5 43. c6 bxc6 44. bxc6 Bxe2 45. g6 Rc7 46. g4 Bxf1 47. gxh5 a1=Q 48. Qxa1 Rxa1 49. h6 Ra2+ 50. Ke1 {[%emt 0:01:54] [#]} Rxc6 $1 51. Kxf1 Rc1+ 52. Be1 e3 {[%emt 0:00:13] Weighted Error Value: White=0.96/Black=0.32} 0-1

[Event "37th ECCC 2022"]
[Site "Mayrhofen"]
[Date "2022.10.04"]
[Round "2.17"]
[White "Cornette, Matthieu"]
[Black "Hess, Max"]
[Result "1-0"]
[ECO "B10"]
[WhiteElo "2572"]
[BlackElo "2361"]
[Annotator "TA"]
[PlyCount "83"]
[EventDate "2022.10.03"]
[EventType "team-tourn"]
[EventCountry "AUT"]
[SourceTitle "playchess.com"]
[Source "ChessBase"]
[SourceQuality "1"]
[TimeControl "40/5400+30:1800+30"]

1. e4 c6 2. Nf3 d5 3. Nc3 dxe4 4. Nxe4 Nf6 5. Qe2 Nxe4 6. Qxe4 Nd7 {[%emt 0:00:04] B11: Caro-Kann: Two Knights Variation.} 7. Bc4 {[%emt 0:00:47] Hoping for Ng5.} Nf6 {[%emt 0:00:09] [#]} 8. Ne5 $1 e6 {[%emt 0:00:04] White has an edge.} 9. Qf4 b5 10. Be2 (10. Nxc6 $2 Qb6 11. Ne5 bxc4 12. Nxc4 Qc6 $19) 10... Bd6 11. d4 O-O 12. Qg3 {[%emt 0:00:14] [#]} Qc7 $146 ({Predecessor:} 12... Ne4 13. Qd3 f5 14. Nxc6 Qc7 15. Ne5 a5 16. f3 Nf6 17. O-O Ba6 18. Bf4 Rfd8 {1-0 (76) Kosteniuk,A (2472)-Gunina,V (2437) Krasnaya Polyana 2021}) 13. Bh6 {[%emt 0:00:42][%csl Gh6][%cal Rg3g7] [#]} Ne8 {[%emt 0:02:24] Threatens to win with ...f6.} 14. Bf4 $1 Nf6 {[%emt 0:04:52] aiming for ...Nd5.} 15. Nd3 Bxf4 16. Qxf4 Qxf4 17. Nxf4 Rd8 18. O-O-O g5 19. Nh3 h6 20. f4 g4 21. Nf2 h5 22. Rhe1 a5 23. Bf1 Ba6 24. c3 Kg7 25. g3 Rh8 26. Bd3 b4 27. c4 Rhd8 28. Bf1 Nd7 29. b3 Bb7 30. Bg2 a4 31. Kb2 {[%emt 0:00:25] White is more active.} Nf6 32. Nd3 Rxd4 33. Nxb4 Rad8 (33... Rxd1 $16 {is a better defense.} 34. Rxd1 a3+ 35. Kc2 Rc8) 34. Rxd4 $18 Rxd4 35. Kc3 {[%emt 0:00:27] Inhibits Rd2.} ({Worse is} 35. Bxc6 Bxc6 36. Nxc6 Rd6 $11) 35... Rd6 36. Nd3 ({Don't do} 36. bxa4 $6 c5 37. Bxb7 cxb4+ 38. Kc2 Rb6 $18) 36... axb3 37. axb3 Rd8 38. Nc5 Bc8 (38... Ba8 {keeps fighting.} 39. Rxe6 h4) 39. Bxc6 h4 40. b4 {[%emt 0:00:33] White is clearly winning.} hxg3 41. hxg3 Nh5 42. Rg1 {[%emt 0:00:59] Weighted Error Value: White=0.04 (flawless) /Black=0.21 (precise)} 1-0

[Event "37th ECCC 2022"]
[Site "Mayrhofen"]
[Date "2022.10.04"]
[Round "2.18"]
[White "Kruckenhauser, Arthur"]
[Black "Terekhov, Andrey"]
[Result "1-0"]
[ECO "B40"]
[WhiteElo "2327"]
[BlackElo "2308"]
[Annotator "TA"]
[PlyCount "114"]
[EventDate "2022.10.03"]
[EventType "team-tourn"]
[EventCountry "AUT"]
[SourceTitle "playchess.com"]
[Source "ChessBase"]
[SourceQuality "1"]
[TimeControl "40/5400+30:1800+30"]

1. e4 c5 2. Nf3 e6 3. g3 Nc6 4. Bg2 Nf6 5. Qe2 e5 6. O-O {[%emt 0:01:07] B40: Sicilian: 2...e6, Unusual lines.} Be7 7. c3 O-O 8. Na3 $1 {[%emt 0:00:33] The position is equal. The main line 8.Na3 scores better than 8.Rd1.} Re8 9. Nc2 Bf8 10. d3 d5 {[%emt 0:02:40] [#]} 11. Bg5 $146 ({Predecessor:} 11. exd5 Nxd5 12. Ne3 Nxe3 13. fxe3 Be6 14. b3 a5 15. Qc2 f6 16. Bb2 a4 17. bxa4 {½-½ (37) Bentsen,H (2078)-Vestby Ellingsen,M (2370) Fagernes 2022}) 11... d4 12. cxd4 cxd4 13. Nd2 h6 14. Bxf6 Qxf6 15. f4 exf4 16. gxf4 Qd8 17. Kh1 f5 18. Qh5 Ne7 19. Nb3 g6 20. Qf3 Bg7 21. Qf2 {[%emt 0:11:31][%cal Rb3d4] White is more active.} fxe4 22. dxe4 Nc6 23. Rad1 Bg4 24. Rd2 (24. Rd3 Be6 $14) 24... d3 25. Qg3 (25. Nc1 $1 $16) 25... Qc8 (25... Be2 $14 26. Re1 (26. Qxg6 $2 Qh4 $17) 26... Qb6) 26. Qxd3 {[%emt 0:02:08] Qg3 is the strong threat.} Bxb2 $2 (26... Rd8 $16 27. Qg3 Rxd2 28. Nxd2 Qd7) 27. Qg3 $18 ({Not} 27. f5 Bf6 28. Ne3 (28. fxg6 Bg7 $16) (28. h3 Bh5 $16) 28... Bh5 $18) 27... Bg7 28. Ne3 Bh5 29. Bh3 Qb8 30. Nc5 Nd4 31. e5 Qc7 32. Ne4 {[%emt 0:02:37] Pair of Knights!} ({Don't do} 32. Rxd4 Qxc5 33. Rd5 Qc7 $16) 32... Rad8 33. Nd6 ({White should play} 33. Bg4 $18 {aiming for Bxh5.} Bxg4 34. Nxg4) 33... Rxd6 $16 34. exd6 Qxd6 35. Bg2 b6 36. Nc2 $36 {[%emt 0:01:34][%mdl 2048] Prevents Qb4. Strongly threatening Nxd4. White is in control.} Re2 37. Qd3 Rxd2 38. Qxd2 Nf5 (38... Bg4 $16) 39. Qxd6 $18 Nxd6 40. Bf3 {[%emt 0:00:12] Prevents Be2.} Bxf3+ 41. Rxf3 {[%emt 0:30:04][%mdl 4096] Endgame KRN-KBN} Kf7 42. Nb4 Ke6 (42... Nc4 $16 43. Nc6 a6 44. Ne5+ Nxe5 45. fxe5+ Ke6) 43. Re3+ Kd7 44. Nd5 {[%emt 0:00:00] And now Re7+ would win.} Nf5 {[%emt 0:00:24] Inhibits Re7+.} 45. Ra3 Kc6 {[%emt 0:01:23] [#]} 46. Ne3 Bb2 47. Rb3 {[%emt 0:00:00] Threatens to win with Nxf5.} Nxe3 48. Rxb2 {[%emt 0:00:00] Hoping for Re2. KR-KN} Nd5 {[%emt 0:03:56] [#]} 49. Rf2 b5 50. Kg2 b4 51. Kf3 Nc3 $2 (51... Kd6 52. Rg2 Ne7 53. Rd2+ Ke6) 52. Rg2 Kc5 (52... Kd5 $142 53. Ke3 Kc4 54. Rxg6 Nxa2) 53. Rxg6 Nxa2 54. f5 b3 55. Rg2 {[%emt 0:00:59] Threatening mate with f6.} a5 56. f6 Kd6 57. Re2 Kd5 {Weighted Error Value: White=0.10 (very precise) /Black=0.36} 1-0

[Event "37th ECCC 2022"]
[Site "Mayrhofen"]
[Date "2022.10.04"]
[Round "2.19"]
[White "Kjartansson, Gudmundur"]
[Black "Erigaisi Arjun"]
[Result "1/2-1/2"]
[ECO "A20"]
[WhiteElo "2456"]
[BlackElo "2728"]
[Annotator "TA"]
[PlyCount "133"]
[EventDate "2022.10.03"]
[EventType "team-tourn"]
[EventCountry "AUT"]
[SourceTitle "playchess.com"]
[Source "ChessBase"]
[SourceQuality "1"]
[TimeControl "40/5400+30:1800+30"]

1. c4 e5 2. g3 Nf6 3. Bg2 Bc5 4. Nc3 c6 5. e3 Bb6 6. d4 {[%emt 0:01:13] A23: English Opening: 1...e5 2 Nc3 Nf6 3 g3 c6.} exd4 7. exd4 O-O 8. Nge2 {[%emt 0:00:27] Active counter play!} d6 9. O-O Re8 {[%emt 0:00:07] [#]} 10. Bf4 $146 ({Predecessor:} 10. h3 d5 11. cxd5 Nxd5 12. Nxd5 cxd5 13. Nf4 Nc6 14. Be3 Be6 15. Rc1 Ne7 16. Qd2 {½-½ (30) Firsching,G (2502)-Koenig,U (2451) Remote email 2014}) 10... Be6 11. Qd3 Na6 12. a3 {[%emt 0:01:07] Prevents Nb4.} Qd7 13. Rfe1 d5 14. c5 Bd8 15. b4 Nc7 16. a4 (16. Be5 {seems wilder.} Ng4 17. Bd6 Nh6 18. a4) 16... Bf5 17. Qd2 Ne6 18. Bd6 Be7 19. Bxe7 Rxe7 20. Nf4 Rae8 21. Nxe6 Rxe6 22. Rxe6 Qxe6 23. b5 h5 24. h4 Bh3 {[%emt 0:04:35] The position is equal.} 25. Qf4 Bxg2 26. Kxg2 Ng4 27. bxc6 bxc6 28. Rb1 Qc8 29. Ne2 f6 (29... Rxe2 $2 30. Rb8 Qxb8 31. Qxb8+ Kh7 32. Qxa7 Rxf2+ 33. Kg1 $18) 30. Nc3 Kh7 31. Rb2 Qa6 32. Rb8 Rxb8 $1 (32... Re1 {leads to mate.} 33. Qf5+ g6 34. Qd7+) 33. Qxb8 $11 {[%emt 0:00:03][%mdl 4096] Endgame KQN-KQN} Qd3 34. Qb1 Qxb1 35. Nxb1 {[%emt 0:00:02] KN-KN} g5 36. Nd2 {[%emt 0:09:37] [#] Threatens to win with Nb3.} gxh4 37. gxh4 {[%emt 0:00:02] aiming for Nb3.} Nh6 $1 38. Nb3 Nf5 39. Kf3 Nxh4+ 40. Kf4 $1 Kg7 41. Na5 $1 Ng6+ 42. Kf5 h4 {[%emt 0:03:36] [#] White must now prevent ...h3.} 43. Kg4 ({But not} 43. Nxc6 $2 h3 44. Ke6 h2 $19) 43... Ne7 44. Kxh4 Nf5+ 45. Kg4 $1 Nxd4 46. Kf4 Kf7 47. Ke3 Nf5+ 48. Kf4 $1 Ne7 49. Nb3 Kg6 50. Nd4 Kh5 51. Ne6 Kh4 52. Nf8 Kh3 53. Nd7 Kg2 {[%emt 0:02:56] ...f5 is the strong threat.} 54. Nxf6 Kxf2 55. Ke5 Ke3 {[%emt 0:04:32] Strongly threatening ...d4.} 56. Kd6 d4 {[%emt 0:01:01][%cal Od4d3] And now ...d3! would win.} 57. Ng4+ Kf3 58. Ne5+ Ke4 {[%emt 0:00:16] Hoping for ...Nf5+.} 59. Nc4 d3 60. Kxe7 {[%emt 0:03:04] KN-K3P} Kd5 61. Nb2 d2 62. Kf6 a5 63. Nd1 Kxc5 64. Ke5 Kb4 65. Kd4 Kxa4 66. Kc3 c5 67. Nb2+ {[%emt 0:00:49] A balanced but interesting game.  Weighted Error Value: White=0.03 (flawless) /Black=0.02 (flawless)} 1/2-1/2

[Event "37th ECCC 2022"]
[Site "Mayrhofen"]
[Date "2022.10.04"]
[Round "2.20"]
[White "Saric, Ivan"]
[Black "Sulypa, Oleksandr"]
[Result "1-0"]
[ECO "C43"]
[WhiteElo "2668"]
[BlackElo "2463"]
[Annotator "TA"]
[PlyCount "113"]
[EventDate "2022.10.03"]
[EventType "team-tourn"]
[EventCountry "AUT"]
[SourceTitle "playchess.com"]
[Source "ChessBase"]
[SourceQuality "1"]
[TimeControl "40/5400+30:1800+30"]

1. e4 e5 2. Nf3 Nf6 3. d4 Nxe4 4. Bd3 d5 5. Nxe5 Nd7 6. Nc3 Nxc3 7. bxc3 Nxe5 8. dxe5 Bc5 {[%emt 0:01:11] C43: Petroff Defence: 3 d4.} 9. O-O O-O {[%emt 0:00:21] The main line 9...0-0 scores better than 9...Be6.} 10. Rb1 Re8 {[%emt 0:06:22] The position is equal.} 11. Re1 {[%emt 0:00:45] [#]} b6 $146 ({Predecessor:} 11... c6 12. Qf3 b6 13. h3 Qh4 14. Be3 Bxe3 15. Rxe3 Qg5 16. Qe2 c5 17. Rg3 Qf4 {½-½ (32) Abasov,N (2634)-Moussard,J (2632) Terme Catez 2021}) 12. h3 Bd7 13. Qh5 g6 14. Qf3 Qh4 15. Be3 $132 {[%emt 0:03:39][%mdl 2048] White is not keeping still} Bxe3 16. Rxe3 Qe7 17. Qxd5 Be6 18. Qf3 Bxa2 19. Ra1 Qe6 20. Qf4 {[%emt 0:08:43] And now c4 would win.} Bd5 21. Qh6 Bc4 (21... a5 $11) 22. Ra4 $14 b5 23. Bxc4 bxc4 24. Re4 Qd5 ({Black should try} 24... Re7) 25. Rh4 $16 {[%emt 0:01:57] White is much more active.} (25. Raxc4 $6 Rxe5 26. Rh4 Rh5 27. Rxh5 Qxh5 28. Qxh5 gxh5 $11) 25... Qxe5 26. Qxh7+ Kf8 27. Rhxc4 (27. Raxc4 $142 {[%cal Oc4e4] Rce4! is the strong threat.} Qg7 28. Rxc7) 27... Rad8 {[%emt 0:07:59] [#]} (27... Red8 $16 28. f4 Qf6 29. Rxc7 Rd2) 28. Rf4 $1 $18 Rd1+ 29. Kh2 {[%emt 0:00:03][%csl Gf4][%cal Rh7f7] The board is on fire.} Qg7 30. Qxg7+ Kxg7 31. Rxa7 {[%emt 0:00:13][%mdl 4096] Endgame KRR-KRR} Re7 32. Rc4 (32. Rd4 $18 Rc1 33. Rd2) 32... Rd2 $16 33. Kg3 Ree2 34. Rf4 ({But not} 34. Rcxc7 $6 Rxf2 35. Kh4 Kh6 36. Rxf7 g5+ 37. Kg3 Rxg2+ 38. Kf3 Rgf2+ 39. Ke4 Rfe2+ 40. Kf5 Rf2+ 41. Kg4 Rg2+ 42. Kf5 Rgf2+ 43. Ke5 Rfe2+ 44. Kf6 Rf2+ 45. Ke7 Rfe2+ 46. Kf6 Rf2+ 47. Ke5 Rfe2+ 48. Kf6 $11) 34... Re7 35. Ra2 c5 (35... Ree2 $16 36. h4 Kg8 37. Ra8+ Kg7) 36. Ra5 $18 Rd5 37. h4 Rh5 38. Rg4 Rd5 (38... Re2 $16 39. Rg5 Rxg5+ 40. hxg5 Re5) 39. c4 Rde5 40. Rg5 Rxg5+ $2 (40... Re2 41. Raxc5 (41. Rgxc5 Rxc2 42. Ra3 Re4 $16) 41... Rxc2) 41. hxg5 {[%emt 0:30:04] KR-KR. White is clearly winning.} Re5 (41... Rc7 $142 42. f4 Re7) 42. f4 Re3+ 43. Kg4 Rc3 44. Rxc5 {[%emt 0:00:00] Hoping for Rc8.} Rxc2 45. Kf3 Kf8 46. Rc7 Rd2 47. c5 Rc2 48. c6 Rc4 49. g4 Rc1 {[%emt 0:00:36] [#]} 50. f5 $1 Rc4 51. Ke3 Kg7 52. Rc8 Rc1 53. Kd4 Rd1+ 54. Kc5 Rc1+ 55. Kd6 Rd1+ 56. Kc7 Rc1 57. Rd8 {[%emt 0:00:00] Weighted Error Value: White=0.10 (very precise) /Black=0.26 (precise)} 1-0

[Event "37th ECCC 2022"]
[Site "Mayrhofen"]
[Date "2022.10.04"]
[Round "2.21"]
[White "Petursson, Margeir"]
[Black "Nihal Sarin"]
[Result "1/2-1/2"]
[ECO "A20"]
[WhiteElo "2447"]
[BlackElo "2673"]
[Annotator "TA"]
[PlyCount "59"]
[EventDate "2022.10.03"]
[EventType "team-tourn"]
[EventCountry "AUT"]
[SourceTitle "playchess.com"]
[Source "ChessBase"]
[SourceQuality "1"]
[TimeControl "40/5400+30:1800+30"]

1. c4 e5 2. g3 c6 3. Nf3 e4 4. Nd4 d5 5. cxd5 Qxd5 6. e3 Nf6 {[%emt 0:01:56] A20: English Opening: 1...e5.} 7. Bg2 Bg4 8. Qc2 (8. Nc3 $5 Bxd1 9. Nxd5 cxd5 10. Kxd1 $11) 8... Na6 $1 9. a3 {[%emt 0:09:37] Against Nb4} Nc5 10. Nc3 {[%emt 0:14:24] [#]} Qh5 $146 {[%emt 0:29:41] [#] Hoping for ...Nd3+.} ({Predecessor:} 10... Qe5 11. O-O a5 12. Rb1 Rd8 13. b4 axb4 14. axb4 Nd3 15. Nxe4 Nxb4 16. Nxf6+ gxf6 17. Qa4 b5 18. Qa5 Bd7 19. Bb2 Qb8 20. Bc3 c5 21. Bxb4 cxd4 22. exd4 {1-0 (22) Cekro,E (2412)-Polard,G (2267) France 2006}) 11. h3 Bf3 ({Black should try} 11... Nd3+ $11 12. Kf1 Bf5) 12. Bxf3 $14 exf3 13. b4 (13. Nf5 $1 $14) 13... Ne6 $11 14. Nf5 g6 15. g4 Qg5 16. Ng3 Bg7 (16... h5 {with more complications.} 17. Bb2 hxg4 18. Nge4 Nxe4 19. Nxe4 Qb5) 17. Bb2 Qh4 18. Nce4 O-O (18... Nxe4 $11 {remains equal.} 19. Nxe4 O-O) 19. Nxf6+ (19. Nd6 $16) 19... Bxf6 {[%emt 0:00:04] The position is equal.} 20. Ne4 Bxb2 21. Qxb2 Rfd8 22. Rg1 Ng5 $1 (22... Qxh3 $2 23. O-O-O Kf8 24. Qh8+ Ke7 25. Qf6+ (25. Qe5 Qh6 $11) 25... Ke8 26. Rh1 (26. Rg3 Qh6 $16) 26... Qxg4 27. Rxh7 $18) 23. Qf6 Nxe4 24. Qxh4 Rxd2 {[%emt 0:00:03] [#] Threatens to win with ...Re2+.} 25. Qe7 Re2+ 26. Kd1 Nxf2+ 27. Kc1 {[%emt 0:00:11] aiming for Qd7.} Nd3+ 28. Kd1 {[%emt 0:00:12] Strongly threatening Qd7.} Nf2+ 29. Kc1 {[%emt 0:00:08] And now Qd7 would win.} Nd3+ 30. Kd1 {Weighted Error Value: White=0.11 (very precise) /Black=0.12 (very precise)} 1/2-1/2

[Event "37th ECCC 2022"]
[Site "Mayrhofen"]
[Date "2022.10.04"]
[Round "2.22"]
[White "Volokitin, Andrei"]
[Black "Thorhallsson, Throstur"]
[Result "1-0"]
[ECO "B56"]
[WhiteElo "2645"]
[BlackElo "2396"]
[Annotator "TA"]
[PlyCount "71"]
[EventDate "2022.10.03"]
[EventType "team-tourn"]
[EventCountry "AUT"]
[SourceTitle "playchess.com"]
[Source "ChessBase"]
[SourceQuality "1"]
[TimeControl "40/5400+30:1800+30"]

1. e4 c5 2. Nf3 d6 3. d4 cxd4 4. Nxd4 Nf6 5. Nc3 Nc6 6. f3 e6 7. Be3 Be7 8. Qd2 O-O 9. O-O-O a6 10. g4 Nxd4 11. Bxd4 Nd7 12. h4 b5 13. g5 b4 14. Na4 Rb8 {[%emt 0:06:37] B80: Sicilian Scheveningen: 6 g3 and 6 Be3, including English Attack.} 15. Kb1 Bb7 {[%emt 0:20:28] [#]} 16. g6 $146 (16. b3 $14) ({Predecessor:} 16. b3 Nc5 17. Nb2 Qc7 18. h5 f5 19. Bh3 fxe4 20. h6 g6 21. Na4 Bc8 22. Nxc5 dxc5 {1-0 (42) Cheparinov,I (2671)-Hamdouchi,H (2590) Linares 2009}) 16... fxg6 {[%emt 0:05:40] The position is equal.} (16... Bc6 $5 17. gxh7+ Kh8 $11) 17. h5 {[%emt 0:02:07] Threatens to win with hxg6.} Bg5 (17... Rxf3 18. hxg6 h6 19. Bxg7 $1 $16) 18. Qg2 (18. Qxb4 $14 Qe7 19. Ba7) 18... Qe7 19. hxg6 h6 20. Bc4 Rbc8 21. Bb3 {[%emt 0:04:39] White is much more active.} Bc6 22. Nb6 Nxb6 23. Bxb6 Bf4 (23... d5 $1 $14) 24. Rh5 $16 Kh8 25. Bf2 Bb5 26. Bh4 $36 {[%emt 0:03:17][%mdl 2048] White has strong initiative.} Qe8 {[%emt 0:02:58] [#]} 27. Qg4 $1 Be2 {[%emt 0:02:08] [#]} (27... Bd7 $142) 28. Rg1 (28. Rh1 $1 $16) 28... d5 $2 (28... Be3 $11 29. Rg3 Rc5) 29. Re1 ({But not} 29. exd5 $6 Be3 30. dxe6 Bxf3 $14) 29... Bc4 {[%emt 0:01:28] Black cannot hold the game after this.} (29... Bxf3 $16 30. Qxf3 Bd2) 30. exd5 $18 {[%emt 0:00:08] White is clearly winning.} Bxb3 31. axb3 e5 32. Rf5 Qb5 33. Rxf8+ Rxf8 34. d6 {[%emt 0:00:34] Strongly threatening d7.} Bd2 35. Rh1 (35. Rd1 $142 Qe2 36. Rh1) 35... Be3 36. Be7 {[%emt 0:00:24] Weighted Error Value: White=0.20 (precise) /Black=0.58} 1-0